 Dungeon Crawl Stone Soup version 0.19.1 (webtiles) character file.

131 Charlie the Cutter (level 5, -1/48 HPs)
             Began as a Kobold Berserker on Dec 16, 2016.
             Was a Believer of Trog.
             Slain by a scorpion (5 damage)
             ... on level 4 of the Dungeon.
             The game lasted 00:06:36 (2998 turns).

Charlie the Cutter (Kobold Berserker)               Turns: 2998, Time: 00:06:37

Health: -1/48      AC:  6    Str: 19    XL:     5   Next: 37%
Magic:  5/5        EV: 14    Int:  9    God:    Trog [**....]
Gold:   57         SH:  0    Dex: 15    Spells: 0 memorised, 4 levels left

rFire  . . .     SeeInvis .     A - +0 falchion
rCold  . . .     Gourm    .     v - +0 scale mail
rNeg   . . .     Faith    .     (shield restricted)
rPois  .         Spirit   .     (no helmet)
rElec  .         Reflect  .     (no cloak)
rCorr  .         Harm     .     (no gloves)
MR     .....                    (no boots)
Stlth  ..........               (no amulet)
                                (no ring)
                                (no ring)

@: berserking, lethally poisoned (-1 -> -18), very quick
A: carnivore 3
a: Berserk, Trog's Hand, Burn Spellbooks, Renounce Religion


You were on level 4 of the Dungeon.
You worshipped Trog.
Trog was pleased with you.
You were very full.

You visited 1 branch of the dungeon, and saw 4 of its levels.

You collected 57 gold pieces.

Inventory:

Hand Weapons
 a - a +0 short sword
 g - a +0 dagger
 p - a +0 blowgun
 A - a +0 falchion (weapon)
Missiles
 f - 140 stones (quivered)
 h - 15 bolts
 w - 2 throwing nets
 z - 3 tomahawks
 B - 10 poisoned needles
Armour
 b - a +0 animal skin
 v - a +0 scale mail (worn)
Jewellery
 r - a +1 ring of protection {unknown}
Scrolls
 j - 3 scrolls of remove curse {unknown}
 k - 2 scrolls of identify {unknown}
 l - a scroll of enchant weapon {unknown}
 o - a scroll of blinking {unknown}
 s - a scroll of teleportation {unknown}
 y - 3 scrolls of amnesia {unknown}
 C - a scroll of immolation {unknown}
 E - a scroll of fog {unknown}
Potions
 d - a potion of flight {unknown}
 e - a potion of lignification {unknown}
 i - a potion of mutation {unknown}
 m - a potion of agility {unknown}
 n - 2 potions of heal wounds {unknown}
 q - a potion of berserk rage {unknown}
 u - 2 potions of resistance {unknown}
 x - a potion of curing {unknown}
 D - a potion of degeneration {unknown}
Comestibles
 c - 3 meat rations
 t - 2 beef jerkies


   Skills:
 - Level 3.2 Fighting
 - Level 5.0 Short Blades
 - Level 1.5 Armour
 + Level 4.0 Dodging
 - Level 4.3 Stealth


You had 4 spell levels left.
You didn't know any spells.

Dungeon Overview and Level Annotations

Branches:
Dungeon (4/15)
 Temple: D:4-7

Altars:
Ashenzari
Kikubaaqudgha
Makhleb
Sif Muna


Innate Abilities, Weirdness & Mutations

You are small and have problems with some larger weapons.
You are carnivorous and can eat meat at any time.


Message History

Tha scorpion closely misses ye.
Ye closely miss tha scorpion.
Tha scorpion be almost dead.
Tha scorpion stin's ye.
* * * LOW HITPOINT WARNIN'
* * * Ye be leth'lly poison'd!
Tha scorpion poisons ye!
Tha scorpion stin's ye but does nay damage.
Ye completely miss tha scorpion.
Tha scorpion be almost dead.
* * * LOW HITPOINT WARNIN'
* * * Ye feel sick.
Tha scorpion stin's ye.
* * * LOW HITPOINT WARNIN'
* * * Ye be more poison'd.
Tha scorpion poisons ye!
A red film seems ta co'er yer vision as ye go berserk!
Ye feel yerself movin' faster!
Ye feel mighty!
* * * LOW HITPOINT WARNIN'
* * * Ye feel sick.
Tha scorpion stin's ye.
Ye die...

#.# #<......#
#.# #.#...#)#
#.# #.##.....
#.# #.# .##.#
#.# #.# # #
#.# #.#
#.######..
#......##.
#@.....#
#.s........
............
##.(......#+#
#(#......+
#.######## #.
#.


You could see a scorpion.

Vanquished Creatures
  4 gnolls (D:3)
  An adder (D:2)
  2 worms
  2 dart slugs (D:1)
  3 leopard geckos (D:2)
  4 orcs (D:3)
  A ball python (D:1)
  3 bats
  6 giant cockroaches
  7 goblins
  7 hobgoblins
  5 jackals
  6 kobolds
  A quokka (D:2)
  4 frilled lizards
  6 rats
62 creatures vanquished.

Notes
Turn   | Place    | Note
-------+----------+-------------------------------------------
     0 | D:1      | Charlie the Kobold Berserker began the quest for the Orb.
     0 | D:1      | Reached XP level 1. HP: 14/14 MP: 1/1
   180 | D:1      | Reached XP level 2. HP: 17/19 MP: 2/2
   263 | D:1      | Reached skill level 5 in Short Blades
   339 | D:1      | Reached skill level 1 in Stealth
   517 | D:1      | Reached XP level 3. HP: 23/23 MP: 3/3
  1000 | D:2      | Reached XP level 4. HP: 16/28 MP: 4/4
  1006 | D:2      | Reached ** piety under Trog
  1162 | D:2      | Found an ancient bone altar of Kikubaaqudgha.
  1162 | D:2      | Found a deep blue altar of Sif Muna.
  1169 | D:2      | Found a burning altar of Makhleb.
  1227 | D:2      | Found a shattered altar of Ashenzari.
  2624 | D:3      | Reached XP level 5. HP: 32/32 MP: 5/5
  2998 | D:4      | Slain by a scorpion

Skill      XL: |  1  2  3  4  5 |
---------------+----------------+-----
Short Blades   | 5 |  5.0
Stealth        | 1 3 4 |  4.3
Dodging        | 3 4 |  4.0
Fighting       | |  3.2
Armour         | |  1.5

Action                   |  1- 3 |  4- 6 || total
-------------------------+-------+-------++-------
Melee: Short sword       |   134 |   121 ||   255
       Falchion          |       |    58 ||    58
 Fire: Blowgun           |       |     2 ||     2
Throw: Stone             |       |     6 ||     6
Invok: Berserk           |     1 |     3 ||     4
  Eat: Chunk             |    10 |     8 ||    18
Armor: Plate armour      |    69 |    19 ||    88
       Scale mail        |       |    33 ||    33
Dodge: Dodged            |    35 |    74 ||   109
       Rpst.: Falchion   |       |     6 ||     6
